 Dungeon Crawl Stone Soup version 0.26.1-11-gd32895ea62 (webtiles) character file.

Game seed: 10740416222889552725

2056 infcreate the Covert (level 9, 0/50 HPs)
             Began as a Vampire Enchanter on Apr 23, 2021.
             Splashed by a jelly's acid (5 damage)
             ... on level 6 of the Dungeon.
             The game lasted 00:30:54 (12263 turns).

infcreate the Covert (Vampire Enchanter)           Turns: 12263, Time: 00:30:54

Health: 0/50       AC: -10   Str: 13    XL:     9   Next: 5%
Magic:  1/14       EV: 16    Int: 18    God:
Gold:   471        SH:  0    Dex: 17    Spells: 6/15 levels left

rFire    . . .     SeeInvis +   z - +2 dagger (venom)
rCold    + + .     Faith    .   (no shield)
rNeg     + + +     Spirit   .   E - +0 robe
rPois    ∞         Reflect  .   d - +0 helmet
rElec    .         Harm     .   (no cloak)
rCorr    .         Rampage  .   o - +2 pair of gloves
Will     .....                  (no boots)
Stlth    ++++++....             (no amulet)
HPRegen  0.00/turn              S - +6 ring of strength
MPRegen  0.14/turn              (no ring)

@: corroded, bloodless
A: fangs 3, see invisible, unbreathing
a: Bat Form, Revivify


You were on level 6 of the Dungeon.
You visited 2 branches of the dungeon, and saw 7 of its levels.
You also visited: Ossuary.

You collected 772 gold pieces.
You spent 301 gold pieces at shops.


Innate Abilities, Weirdness & Mutations

You do not regenerate when monsters are visible.
You are frail without blood (-20% HP).
You can heal yourself when you bite living creatures.
You are immune to poison.
You have razor-sharp teeth.
You have supernaturally acute eyesight. (SInv)
You can survive without breathing.


   Skills:
 + Level 3.1 Fighting
 * Level 5.8 Short Blades
 * Level 6.1 Dodging
 * Level 9.3 Stealth
 + Level 3.9 Spellcasting
 * Level 8.8 Hexes


You had 6 spell levels left.
You knew the following spells:

 Your Spells              Type           Power        Failure   Level
c - Corona                Hex            38%          1%          1
d - Tukima's Dance        Hex            35%          1%          3
e - Ensorcelled Hibernat  Hex/Ice        38%          3%          2
t - Confusing Touch       Hex            35%          1%          3

Your spell library contained the following spells:

 Spells                   Type           Power        Failure   Level
 Dazzling Flash           Conj/Hex       38%          8%          3
 Animate Skeleton         Necr           6%           16%         1
 Apportation              Tloc           6%           16%         1
 Beastly Appendage        Tmut           6%           16%         1
 Pain                     Necr           12%          16%         1
 Summon Small Mammal      Summ           12%          16%         1
 Wereblood                Tmut           3%           22%         2
 Spider Form              Tmut/Pois      1%           41%         3
 Vampiric Draining        Necr           1%           41%         3
 Animate Dead             Necr           1%           83%         4
 Ice Form                 Ice/Tmut       3%           83%         4
 Agony                    Necr           3%           99%         5
 Blade Hands              Tmut           1%           99%         5

Inventory:

Hand Weapons
 z - a +2 dagger of venom (weapon)
Armour
 d - a +0 helmet (worn)
 o - a +2 pair of gloves (worn)
 E - a +0 robe (worn)
Jewellery
 x - the ring of Ifom {rF+ rN+ Will++ MP+9 Stlth-}
   (You took it off a kobold on level 4 of the Dungeon)

   [ring of positive energy]

   It protects you from fire.
   It protects you from negative energy.
   It affects your willpower, your defense against some magical effects.
   It affects your magic capacity (+9).
   It makes you less stealthy.
 D - an uncursed ring of fire {unknown}
 S - a +6 ring of strength (left hand)
Wands
 F - a wand of random effects (20)
Scrolls
 a - a scroll of enchant weapon {unknown}
 b - a scroll of fear {unknown}
 f - 9 scrolls of identify {@r1}
 g - a scroll of amnesia {unknown}
 j - a scroll of enchant armour {unknown}
 k - 2 scrolls of remove curse {@r2}
 n - 2 scrolls of magic mapping
 p - a scroll of teleportation {@r4}
 q - a scroll of noise
 y - a scroll of immolation {unknown}
 C - a scroll of summoning {unknown}
Potions
 c - a potion of magic {unknown}
 e - 2 potions of resistance {unknown}
 h - 3 potions of degeneration {unknown}
 i - 2 potions of curing {@q1}
 l - 3 potions of might {unknown}
 m - 3 potions of haste {@q3}
 r - a potion of invisibility
 s - a potion of berserk rage {unknown}
 t - 2 potions of lignification {unknown}
 u - 2 potions of brilliance {unknown}
 v - 3 potions of mutation {unknown}
 w - a potion of heal wounds {unknown}
 A - 2 potions of flight {unknown}
 B - a potion of attraction {unknown}

Dungeon Overview and Level Annotations

Branches:
Dungeon (6/15)             Temple (1/1) D:6         Ossuary (visited)

Altars:
Ashenzari
Cheibriados
Elyvilon
Fedhas
Gozag
Hepliaklqana
Kikubaaqudgha
Makhleb
Okawaru
Ru
Trog
Uskayaw
Vehumet
Wu Jian
Xom
Zin
The Shining One

Shops:
D:5 [ D:6

?
*,,,,,,,,,*,,,,**,,**,,*
*,,,,,,,,,#....,,,,,+,,*
*********+*....,,,,,*,,*
*,,,,,,,,,*#...**,,*****
*,,,,,,,,,*#...######,,*
*,,,,,,,,,*#........#,,*
*,,,,,,,,,*#........#,.#
+,,,,,,,,,*#........#..#
*,,,,,,,,,*#....@J.....#
*,,,,,,,,,*#........#..#
*,,,,,,,,,*##..###.##,,*
*,,,,,,,,,**#..***.#*,,*
*********+*#..,,,,..,,,*
*,,,,,,,,,*#..,,,,...,,*
*,,,,,,,,,*#.,,,,,....,*
*,,,,,,,,,*#.,,⌠,⌠.....*
+,,,,,,,,,**,,,,⚑,.....#


You could see a jelly (confused, very poisoned).


Message History

You hit the jelly but do no damage.
Your hands burn!
The jelly misses you.
Casting: Ensorcelled Hibernation (safe; 3% risk of failure)
Confirm with . or Enter, or press ? or * to list all spells.
Aiming: Ensorcelled Hibernation (safe; 3% risk of failure)
Press: ? - help, Shift-Dir - straight line, f/p - jelly
Aim: a jelly (chance to affect: 58%)
The jelly resists with significant effort.
The jelly hits you.
* * * LOW HITPOINT WARNING * * *
The acid corrodes you!
You are splashed with acid!
* * * LOW HITPOINT WARNING * * *
There is a stone staircase leading up here.
Casting: Ensorcelled Hibernation (safe; 3% risk of failure)
Confirm with . or Enter, or press ? or * to list all spells.
Your hands begin to glow red.
The jelly misses you.
You hit the jelly but do no damage.
Your hands burn!
* * * LOW HITPOINT WARNING * * *
You bite the jelly, but do no damage. The jelly barely misses you.
You hit the jelly but do no damage.
The jelly appears confused.
Your hands burn!
* * * LOW HITPOINT WARNING * * *
You hit the jelly but do no damage. The acid corrodes you!
Your hands burn!
* * * LOW HITPOINT WARNING * * *
You hit the jelly but do no damage.
Your hands burn!
* * * LOW HITPOINT WARNING * * *
You bite the jelly.
The jelly is lightly wounded.
The jelly completely misses you.
You hit the jelly but do no damage.
The jelly is poisoned.
Your hands burn!
You die...

Skill      XL: |  1  2  3  4  5  6  7  8 |
---------------+-------------------------+-----
Short Blades   | 2 3 4 5 |  5.8
Stealth        | 5 6 7 9 |  9.3
Hexes          | 5 6 7 8 |  8.8
Dodging        | 3 4 5 6 |  6.1
Fighting       | 1 2 3 |  3.1
Spellcasting   | 3 |  3.9

Action                   |  1- 3 |  4- 6 |  7- 9 || total
-------------------------+-------+-------+-------++-------
Melee: Dagger            |   117 |   240 |   284 ||   641
       Bite              |     7 |    27 |    25 ||    59
 Cast: Corona            |    23 |    30 |    17 ||    70
       Ensorcelled Hiber |    31 |    44 |    62 ||   137
       Confusing Touch   |       |    11 |    24 ||    35
       Tukima's Dance    |       |       |     1 ||     1
 Abil: Exsanguinate      |     1 |       |       ||     1
  Use: Scroll            |       |     2 |     4 ||     6
 Stab: Sleeping          |    20 |    45 |    42 ||   107
       Distracted        |     1 |       |       ||     1
       Confused          |       |     8 |    21 ||    29
Armor: Robe              |    27 |   101 |    47 ||   175
Dodge: Dodged            |    70 |   256 |   161 ||   487

Levels and vault maps discovered:
D:1:      dpeg_arrival_caged_fury, layout_loops_ring
D:2:      layout_rooms, nicolae_overflow_crystal_walls, evilmike_ruin_ashenzari,
          minmay_misc_feat_nine_boxes, minmay_fractal_squares_gapless_5
D:3:      layout_basic, amethyst_overflow_temple_binary,
          kennysheep_vampire_church, serial_undead, serial_undead_b,
          serial_undead_a, serial_undead_f, serial_undead_c, serial_undead_f,
          roderic_batcave, corexii_item_surrounded_by_moat
D:4:      kennysheep_kobold_camp, layout_basic, overflow_temple_1_default,
          doesnt_xom_only_xom, nicolae_ossuary_entry_giza,
          kennysheep_generic_room_14, uniq_blork_the_orc
D:5:      kb_forest_paths, layout_loops_ring, serial_shops, shop,
          kennysheep_potato
D:6:      minmay_klotski, layout_gridville, nemelex_xobeh_ov_fountains_minmay,
          minmay_temple_entry_offerings, serial_shops, shop
Temple:   compressed_dpeg_circular_temple

Notes
Turn   | Place    | Note
-------+----------+-------------------------------------------
     0 | D:1      | infcreate the Vampire Enchanter began the quest for the
                  | Orb.
     0 | D:1      | Reached XP level 1. HP: 13/13 MP: 3/3
     7 | D:1      | Found a runed translucent door.
   289 | D:1      | Reached XP level 2. HP: 12/15 MP: 1/5
   377 | D:1      | Learned a level 2 spell: Ensorcelled Hibernation
  1540 | D:1      | Reached XP level 3. HP: 20/20 MP: 3/6
  1688 | D:1      | Reached skill level 2 in Short Blades
  1861 | D:1      | Reached skill level 5 in Stealth
  1947 | D:1      | Reached skill level 5 in Hexes
  2246 | D:2      | Reached XP level 4. HP: 24/24 MP: 2/7
  2250 | D:2      | Learned a level 3 spell: Confusing Touch
  2977 | D:2      | Reached skill level 3 in Dodging
  3003 | D:2      | Reached skill level 1 in Fighting
  3142 | D:2      | Found a broken altar of Ashenzari.
  3205 | D:2      | Reached XP level 5. HP: 29/29 MP: 3/8
  3360 | D:2      | Found a sacrificial altar of Ru.
  4841 | D:3      | Reached skill level 3 in Short Blades
  4904 | D:3      | Reached skill level 6 in Stealth
  4904 | D:3      | Reached XP level 6. HP: 34/34 MP: 5/9
  5028 | D:3      | Found an ancient bone altar of Kikubaaqudgha.
  5387 | D:3      | Reached skill level 6 in Hexes
  5629 | D:3      | Found a bloodstained altar of Trog.
  5637 | D:3      | Found an iron altar of Okawaru.
  6370 | D:3      | Reached skill level 4 in Dodging
  6409 | D:4      | Found a sand-covered staircase.
  6414 | Ossuary  | Entered an ossuary
  6722 | Ossuary  | Learned a level 3 spell: Tukima's Dance
  6902 | Ossuary  | Reached XP level 7. HP: 27/39 MP: 8/11
  7501 | D:4      | Reached skill level 7 in Stealth
  7553 | D:4      | Reached skill level 4 in Short Blades
  7618 | D:4      | Reached skill level 2 in Fighting
  7660 | D:4      | Found an opulent altar of Gozag.
  7662 | D:4      | Found a shimmering altar of Xom.
  7662 | D:4      | Found a bloodstained altar of Trog.
  7664 | D:4      | Found a shimmering altar of Xom.
  7664 | D:4      | Found a shadowy altar of Dithmenos.
  7664 | D:4      | Found a glowing golden altar of the Shining One.
  7705 | D:4      | Noticed Blork the orc
  7736 | D:3      | Reached skill level 3 in Spellcasting
  7830 | D:4      | Identified the ring of Ifom {rF+ rN+ Will++ MP+9 Stlth-}
  8164 | D:4      | Reached skill level 7 in Hexes
  8401 | D:4      | Killed Blork the orc
  8729 | D:4      | Found a glowing silver altar of Zin.
  8828 | D:4      | Reached skill level 5 in Dodging
  8828 | D:4      | Reached XP level 8. HP: 41/44 MP: 2/12
  9209 | D:5      | Entered Level 5 of the Dungeon
  9220 | D:5      | Reached skill level 8 in Stealth
  9794 | D:5      | Reached skill level 5 in Short Blades
  9904 | D:5      | Reached skill level 8 in Hexes
 10701 | D:5      | Found Arianne's Antique Armour Shop.
 10711 | D:5      | Bought a runed robe for 99 gold pieces
 10711 | D:5      | Bought a pair of runed gloves for 202 gold pieces
 11059 | D:6      | Reached skill level 9 in Stealth
 11132 | D:5      | Reached skill level 3 in Fighting
 11494 | D:6      | Reached skill level 6 in Dodging
 11512 | D:6      | Found a staircase to the Ecumenical Temple.
 11531 | Temple   | Entered the Ecumenical Temple
 11738 | D:6      | Reached XP level 9. HP: 44/50 MP: 11/14
 12061 | D:6      | Found Agho's Magic Scroll Boutique.
 12262 | D:6      | HP: 5/50 [acid (3)]
 12263 | D:6      | Splashed by a jelly's acid

Vanquished Creatures
  A water moccasin (D:5)
  2 phantoms
  A centaur (D:5)
  A big kobold (D:4)
  Blork the orc (D:4)
  A bullfrog (D:6)
  2 scorpions
  A howler monkey (D:3)
  A jelly (D:6)
  3 vampire bats (D:3)
  A bullfrog zombie (D:6)
  3 hounds
  5 orc priests
  2 orc wizards
  A centaur skeleton (D:4)
  2 bullfrog skeletons
  2 iguanas
  5 worker ants
  A big kobold zombie (Ossuary)
  2 hound zombies
  9 mummies
  A worker ant zombie (D:6)
  7 gnolls
  11 adders
  A shadow imp (D:5)
  A white imp (D:6)
  4 ufetubi
  4 oozes
  An adder skeleton (D:4)
  4 worms
  5 dart slugs
  5 leopard geckos
  9 orcs
  11 bats
  2 bat skeletons (D:3)
  3 bat zombies (D:3)
  9 giant cockroaches
  A gnoll zombie (Ossuary)
  6 goblins
  9 hobgoblins
  10 jackals
  25 kobolds
  3 quokkas
  3 ball python skeletons
  5 frilled lizards
  A goblin zombie (D:4)
  2 hobgoblin zombies
  3 kobold zombies (Ossuary)
  A leopard gecko skeleton (D:5)
  2 orc zombies (Ossuary)
  11 rats
207 creatures vanquished.

Vanquished Creatures (collateral kills)
  An ogre (D:5)
1 creature vanquished.

Vanquished Creatures (others)
  2 kobolds (D:4)
  A bush (D:6)
  77 plants (D:4)
  8 withered plants (D:3)
88 creatures vanquished.

Grand Total: 296 creatures vanquished

Table legend: (Time is in decaauts)
 A = Elapsed time spent in this place.
 B = Non-inter-level travel time spent in this place.
 C = Inter-level travel time spent in this place.
 D = Time resting spent in this place.
 E = Time spent auto-exploring this place.
 F = Levels seen in this place.
 G = Mean time per level.
                   A        B        C        D        E       F      G
               +--------+--------+--------+--------+--------+-----+--------+
         Total |  12170 |  11674 |    496 |   2131 |   6816 |   8 | 1521.2 |
       Dungeon |  11083 |  10594 |    489 |   1992 |   6160 |   6 | 1847.2 |
        Temple |     79 |     72 |      7 |      0 |     71 |   1 |   79.0 |
       Ossuary |   1007 |   1007 |      0 |    139 |    585 |   1 | 1007.0 |
               +--------+--------+--------+--------+--------+-----+--------+

Top non-repeatable levels by time:
     D:1: 2525 daAuts
     D:3: 2223 daAuts
     D:2: 1887 daAuts
     D:4: 1858 daAuts
     D:5: 1775 daAuts
 Ossuary: 1007 daAuts
     D:6: 813 daAuts
  Temple: 79 daAuts

Table legend:
 A = Non-vault XP
 B = Vault XP
 C = Vault XP percentage of total XP
 D = Non-vault monster count
 E = Vault monster count
 F = Vault count percentage of total count
                 A         B        C        D         E       F
            +---------+---------+-------+---------+---------+-------
      Total |    2115 |     823 |  28.0 |     128 |      80 |  38.5
            +---------+---------+-------+---------+---------+-------
        D:1 |      43 |      60 |  58.3 |      21 |      16 |  43.2
        D:2 |     169 |       4 |   2.3 |      30 |       3 |   9.1
        D:3 |     253 |     192 |  43.1 |      21 |      17 |  44.7
        D:4 |     415 |     282 |  40.5 |      17 |      22 |  56.4
        D:5 |     693 |     109 |  13.6 |      20 |       6 |  23.1
        D:6 |     542 |       0 |   0.0 |      19 |       0 |   0.0
    Ossuary |       0 |     176 | 100.0 |       0 |      16 | 100.0
            +---------+---------+-------+---------+---------+-------
